cohdb
Replays
Latest Replays
All Replays
Popular Replays
Top Player Replays
Match Explorer
How It Works
Community
CoH3 Stats
Reddit
Sign in to upload your games and track your stats! →
Sign in with Steam
Match 38835316
Unlisted
Match 38835316
Overview
Messages
Build Orders
End
Pioneer Squad
Construct Infanterie Kompanie
Grenadier Squad
Grenadier Squad
Grenadier Squad
Construct Panzergrenadier Kompanie
Medical Bunker
251 Medium Carrier
Pak 40 Anti-tank Gun Team
Construct Panzer Kompanie
Stoßtruppen Squad
Sturmpanzer IV Brummbär
Side Skirts
Selects Breakthrough Battlegroup
Selects Rapid Production
Selects Blitzkrieg
Selects Panzer IV Command Tank Sd.Kfz. 161/1
Panzer IV Command Tank
Selects Assault Grenadiers
Selects Smoke Bombing Run
Smoke Bombing Run
Selects Incendiary Bombing Run
Panzer Officer Quarters
Stoßtruppen Squad
Panzer IV Medium Tank
Incendiary Bombing Run
Repair Bunker
Incendiary Bombing Run
Panzer IV Medium Tank
Incendiary Bombing Run
Panzer IV Medium Tank
Agerabytes
saephy
Engine1000
PurePinoy
0
0
Comments
sign in to comment!
No comments posted yet!